Map: Backwater LE

Players

Guru

  • Race: Zerg Zerg
  • Spawn Location: 5:00

Solar - Winner!

  • Race: Zerg Zerg
  • Spawn Location: 11:00

Event: IEM Season 12 - Katowice

VOD

Have the link to the VOD?

Description

Time

  • Played on: Feb. 26, 2018, 9:56 a.m.
  • Length: 5:15

All games in this series

Show
View Real Time Build Order
Export as new Build Order

Guru Zerg 

Build Orders: Hatch First 

Get SALT Encoding   

  12  0:00  Drone  
  13  0:12  Overlord  
  13  0:17  Drone  
  14  0:31  Drone x2  
  14  0:35  Drone  
  17  0:52  Hatchery  
  17  0:55  Drone  
  17  1:09  Spawning Pool  
  16  1:12  Extractor  
  16  1:13  Drone  
  16  1:16  Drone  
  17  1:22  Drone  
  18  1:29  Drone  
  19  1:56  Queen, Zergling x2  
  19  1:59  Spine Crawler  
  19  2:00  Zergling x2  
  22  2:04  Queen  
  22  2:05  Zergling x2  
  22  2:06  Zergling x2  
  26  2:11  Zergling x2  
  24  2:24  Zergling x2  
  24  2:25  Zergling x2  
  24  2:39  Zergling x4  
  26  2:47  Spine Crawler  
  26  2:51  Overlord  
  25  3:05  Drone x2  
  24  3:06  Zergling x4  
  28  3:12  Drone  
  28  3:13  Drone  
  29  3:20  Spine Crawler  
  29  3:21  Drone  
  28  3:36  Zergling x6  
  26  3:43  Zergling x4  
  25  3:50  Zergling x2  
  24  3:59  Spine Crawler  
  23  4:08  Drone  
  23  4:11  Drone  
  24  4:18  Spine Crawler  
  24  4:23  Zergling x4  
  25  4:31  Spine Crawler  
  24  4:36  Zergling x2  
  25  4:40  Zergling x2  
  25  4:45  Zergling x4  
Show
View Real Time Build Order
Export as new Build Order

Solar Zerg - Winner!

Build Orders: 1 Base Baneling Bust, Pool Only, Zergling Baneling 

Get SALT Encoding   

  12  0:17  Spawning Pool  
  11  0:21  Drone  
  11  0:26  Drone  
  13  0:31  Drone  
  13  0:34  Extractor  
  13  0:44  Overlord  
  13  1:04  Zergling x4  
  15  1:05  Zergling x2  
  15  1:08  Queen  
  18  1:15  Zergling x2  
  19  1:26  Zergling x2  
  20  1:37  Metabolic Boost  
  20  1:38  Zergling x2  
  21  1:48  Zergling x2  
  22  1:56  Baneling Nest  
  21  2:01  Overlord  
  21  2:09  Zergling x2  
  22  2:23  Zergling x6  
  25  2:31  Zergling x2  
  25  2:42  Baneling x3  
  25  2:43  Zergling x2  
  26  2:48  Zergling x2  
  26  2:49  Zergling x2  
  28  3:01  Zergling x2  
  26  3:08  Zergling x4  
  26  3:11  Baneling x2  
  24  3:16  Zergling x2  
  25  3:21  Baneling  
  25  3:24  Zergling x2  
  26  3:32  Zergling x2  
  27  3:37  Zergling x2  
  27  3:42  Zergling x2  
  27  3:47  Zergling x2  
  23  3:56  Zergling x4  
  23  3:59  Baneling  
  25  4:06  Zergling x2  
  26  4:14  Zergling x2  
  26  4:21  Overlord  
  26  4:26  Zergling x4  
  26  4:28  Baneling  
  28  4:32  Baneling  
  28  4:39  Baneling  
  28  4:40  Zergling x2  
  28  4:45  Zergling x2  
  30  4:49  Zergling x2  

Tags
 
Add a new tag
Caveats
  • Supply blocks, unpowered buildings, or Contaminate may cause inaccurate times.
  • Supply counts are checked every 10 seconds.